 Dungeon Crawl Stone Soup version 0.28-a0-1594-ga885d4b3d6 (webtiles) character file.

Game seed: 16799955684498133740

1024 mordus the Shield-Bearer (level 8, 0/67 HPs)
             Began as a Gnoll Fighter on Jan 20, 2022.
             Was an Initiate of Okawaru.
             Succumbed to a scorpion's poison
             ... on level 5 of the Dungeon.
             The game lasted 00:09:58 (5573 turns).

mordus the Shield-Bearer (Gnoll Fighter)            Turns: 5573, Time: 00:09:59

Health: 0/67       AC:  7    Str: 17    XL:     8   Next: 22%
Magic:  12/12      EV: 10    Int: 10    God:    Okawaru [......]
Gold:   205        SH:  5    Dex: 12    Spells: 13/13 levels left

rFire   . . .      SeeInvis .   o - +2 trident (flame)
rCold   . . .      Faith    .   c - +0 buckler
rNeg    . . .      Spirit   .   b - +0 scale mail
rPois   .          Reflect  .   (no helmet)
rElec   .          Harm     .   (no cloak)
rCorr   .          Rampage  .   (no gloves)
Will    .....                   (no boots)
Stlth   +.........              (no amulet)
HPRegen 0.21/turn               (no ring)
MPRegen 0.13/turn               (no ring)

@: mighty, lethally poisoned (0 -> -1)
A: fangs 1, strong nose, distributed training, clever 1, wild magic 1
a: Renounce Religion


You were on level 5 of the Dungeon.
You worshipped Okawaru.
Okawaru was noncommittal.
You visited 2 branches of the dungeon, and saw 6 of its levels.

You collected 205 gold pieces.

Inventory:

Hand Weapons
 a - a +0 long sword
 o - a +2 trident of flaming (weapon)
 q - a +3 falchion of holy wrath
Armour
 b - a +0 scale mail (worn)
 c - a +0 buckler (worn)
Wands
 n - a wand of iceblast (12)
Scrolls
 f - 4 scrolls of identify
 i - 2 scrolls of blinking


   Skills:
 + Level 7.3 Fighting
 + Level 3.1 Short Blades
 + Level 5.5 Long Blades
 + Level 3.1 Axes
 + Level 3.1 Maces & Flails
 + Level 3.1 Polearms
 + Level 3.1 Staves
 + Level 3.1 Slings
 + Level 3.1 Bows
 + Level 3.1 Crossbows
 + Level 3.1 Throwing
 + Level 7.3 Armour
 + Level 3.1 Dodging
 + Level 3.1 Stealth
 + Level 7.3 Shields
 + Level 3.1 Unarmed Combat
 + Level 3.1 Spellcasting
 + Level 2.5 Conjurations
 + Level 2.5 Hexes
 + Level 2.5 Summonings
 + Level 2.5 Necromancy
 + Level 2.5 Translocations
 + Level 2.5 Transmutations
 + Level 2.5 Fire Magic
 + Level 2.5 Ice Magic
 + Level 2.5 Air Magic
 + Level 2.5 Earth Magic
 + Level 2.5 Poison Magic
 + Level 3.4 Invocations
 + Level 3.1 Evocations


You had 13 spell levels left.
You didn't know any spells.
Your spell library contained the following spells:

 Spells                   Type           Power      Damage    Failure   Level
 Pain                     Necr           32%        1d5       45%         1
 Static Discharge         Conj/Air       8%         N/A       58%         2
 Conjure Flame            Conj/Fire      8%         6-21      80%         3
 Ignite Poison            Fire/Tmut/Pois 8%         N/A       80%         3
 Vampiric Draining        Necr           8%         2d6       80%         3
 Dispel Undead            Necr           8%         3d8       99%         4
 Sticky Flame             Conj/Fire      8%         2d3       99%         4
 Agony                    Necr           8%         N/A       100%        5
 Excruciating Wounds      Necr           4%         N/A       100%        5
 Animate Skeleton         Necr           Unusable   N/A       N/A         1

Dungeon Overview and Level Annotations

Branches:
Dungeon (5/15)             Temple (1/1) D:5

Altars:
Ashenzari
Dithmenos
Elyvilon
Fedhas
Hepliaklqana
Nemelex Xobeh
Okawaru
Ru
Sif Muna
Trog
Uskayaw
Vehumet
Yredelemnul
Zin


Innate Abilities, Weirdness & Mutations

You have very sharp teeth.
Your uncanny sense of smell can sniff out nearby items.
Your experience applies equally to all skills.
Your mind is acute. (Int +2)
Your spells are a little harder to cast, but a little more powerful.


Message History

The scorpion is heavily wounded.
You feel sick.
You are no longer poisoned.
You block the scorpion's attack.
You closely miss the scorpion. Your bite misses the scorpion.
The scorpion is heavily wounded.
The scorpion closely misses you. The scorpion stings you!
* * * LOW HITPOINT WARNING * * *
You are lethally poisoned!
The scorpion poisons you!
You hit the scorpion. You burn the scorpion.
You kill the scorpion!
Okawaru accepts your kill.
* * * LOW HITPOINT WARNING * * *
You feel very sick.
* * * LOW HITPOINT WARNING * * *
You feel sick.
There is a lethal amount of poison in your body!
It was a potion of attraction.
You feel attractive to monsters.
* * * LOW HITPOINT WARNING * * *
You feel sick.
It was a potion of cancellation.
Your magical effects are unravelling.
You feel magically purged.
* * * LOW HITPOINT WARNING * * *
You feel sick.
You feel less attractive to monsters.
* * * LOW HITPOINT WARNING * * *
You feel sick.
Okay, then.
You feel very mighty all of a sudden.
* * * LOW HITPOINT WARNING * * *
You feel sick.
There is a lethal amount of poison in your body!
There is a lethal amount of poison in your body!
* * * LOW HITPOINT WARNING * * *
You feel sick.
* * * LOW HITPOINT WARNING * * *
You feel sick.
You die...

.## #.# ∆ ...>#
#.# # ....# #.#
# #.#.# #.# ##.
∆ #.#.# #.#
.... #.#.# #.#
##.# #
#.#†####.# # #
....##.#.†.##.#
# #...†.@.....#
#.######.####
#.# #.# #.# #.#
#.# #.


There were no monsters in sight!

Vanquished Creatures
  2 necrophages (D:4)
  5 scorpions
  3 hounds
  2 jellies
  2 orc priests
  Natasha (D:2)
  An iguana (D:5)
  Ijyb (D:4)
  An orc wizard (D:4)
  3 gnolls (D:5)
  5 adders
  2 white imps
  An adder skeleton (D:4)
  5 worms
  20 orcs
  9 ball pythons
  6 endoplasms
  9 giant cockroaches
  12 goblins
  9 hobgoblins
  3 jackals (D:5)
  3 quokkas
  4 bats
  5 frilled lizards
  7 kobolds
  22 rats
143 creatures vanquished.

Vanquished Creatures (others)
  2 plants (D:5)
2 creatures vanquished.

Grand Total: 145 creatures vanquished

Notes
Turn   | Place    | Note
-------+----------+-------------------------------------------
     0 | D:1      | mordus the Gnoll Fighter began the quest for the Orb.
     0 | D:1      | Reached XP level 1. HP: 23/23 MP: 1/1
   141 | D:1      | Reached XP level 2. HP: 29/29 MP: 2/2
   232 | D:1      | Found a faded altar of an unknown god.
  1077 | D:2      | Reached XP level 3. HP: 35/35 MP: 3/3
  1273 | D:2      | Reached skill level 1 in Invocations
  1579 | D:2      | Reached skill level 1 in Short Blades
  1579 | D:2      | Reached skill level 1 in Axes
  1579 | D:2      | Reached skill level 1 in Maces & Flails
  1579 | D:2      | Reached skill level 1 in Polearms
  1579 | D:2      | Reached skill level 1 in Staves
  1579 | D:2      | Reached skill level 1 in Slings
  1579 | D:2      | Reached skill level 1 in Bows
  1579 | D:2      | Reached skill level 1 in Crossbows
  1579 | D:2      | Reached skill level 1 in Throwing
  1579 | D:2      | Reached skill level 1 in Dodging
  1579 | D:2      | Reached skill level 1 in Stealth
  1579 | D:2      | Reached skill level 1 in Unarmed Combat
  1579 | D:2      | Reached skill level 1 in Spellcasting
  1579 | D:2      | Reached skill level 1 in Evocations
  1735 | D:2      | Reached XP level 4. HP: 38/41 MP: 5/5
  2117 | D:2      | Noticed Natasha
  2124 | D:2      | Killed Natasha
  2125 | D:2      | Reached skill level 1 in Conjurations
  2125 | D:2      | Reached skill level 1 in Hexes
  2125 | D:2      | Reached skill level 1 in Summonings
  2125 | D:2      | Reached skill level 1 in Necromancy
  2125 | D:2      | Reached skill level 1 in Translocations
  2125 | D:2      | Reached skill level 1 in Transmutations
  2125 | D:2      | Reached skill level 1 in Fire Magic
  2125 | D:2      | Reached skill level 1 in Ice Magic
  2125 | D:2      | Reached skill level 1 in Air Magic
  2125 | D:2      | Reached skill level 1 in Earth Magic
  2125 | D:2      | Reached skill level 1 in Poison Magic
  2570 | D:3      | Reached XP level 5. HP: 47/47 MP: 6/6
  3019 | D:3      | Gained mutation: Your mind is acute. (Int +2) [potion of
                  | mutation]
  3019 | D:3      | Gained mutation: Your spells are a little harder to cast,
                  | but a little more powerful. [potion of mutation]
  3357 | D:4      | Noticed Ijyb
  3365 | D:4      | Paralysed by Ijyb for 4 turns
  3370 | D:4      | Killed Ijyb
  3371 | D:4      | Reached XP level 6. HP: 48/53 MP: 8/8
  3418 | D:4      | Noticed a necrophage
  3427 | D:4      | Killed a necrophage
  3428 | D:4      | Reached skill level 5 in Long Blades
  3465 | D:4      | Noticed a necrophage
  3473 | D:4      | Killed a necrophage
  3479 | D:4      | Reached XP level 7. HP: 59/59 MP: 10/10
  4264 | D:4      | Found a sacrificial altar of Ru.
  4357 | D:5      | Entered Level 5 of the Dungeon
  4357 | D:5      | Found a staircase to the Ecumenical Temple.
  4374 | Temple   | Entered the Ecumenical Temple
  4711 | Temple   | Became a worshipper of Warmaster Okawaru
  5336 | D:5      | Reached XP level 8. HP: 55/67 MP: 12/12
  5569 | D:5      | HP: 3/67 [poisoned by a scorpion]
  5571 | D:5      | HP: 1/67 [poisoned by a scorpion]
  5573 | D:5      | Succumbed to a scorpion's poison

Illustrated notes

Levels and vault maps discovered:
D:1:      scummos_arrival_simple_crosswalls, layout_basic,
          basic_ecumenical_altar
D:2:      layout_loops_ring, grunt_ministairs_9, uniq_natasha
D:3:      layout_rooms, corexii_item_surrounded_by_moat, minmay_rat_hole
D:4:      layout_loops_cross, nicolae_ru_path_of_blood, uniq_ijyb
D:5:      layout_loops_ring, minmay_temple_entry_gardened_gates,
          gammafunk_ghost_cemetery
Temple:   nicolae_temple_figure_eight

Skill      XL: |  1  2  3  4  5  6  7  8 |
---------------+-------------------------+-----
Invocations    | 1 2 3 |  3.4
Short Blades   | 1 2 3 |  3.1
Axes           | 1 2 3 |  3.1
Maces & Flails | 1 2 3 |  3.1
Polearms       | 1 2 3 |  3.1
Staves         | 1 2 3 |  3.1
Slings         | 1 2 3 |  3.1
Bows           | 1 2 3 |  3.1
Crossbows      | 1 2 3 |  3.1
Throwing       | 1 2 3 |  3.1
Dodging        | 1 2 3 |  3.1
Stealth        | 1 2 3 |  3.1
Unarmed Combat | 1 2 3 |  3.1
Spellcasting   | 1 2 3 |  3.1
Evocations     | 1 2 3 |  3.1
Conjurations   | 1 2 |  2.5
Hexes          | 1 2 |  2.5
Summonings     | 1 2 |  2.5
Necromancy     | 1 2 |  2.5
Translocations | 1 2 |  2.5
Transmutations | 1 2 |  2.5
Fire Magic     | 1 2 |  2.5
Ice Magic      | 1 2 |  2.5
Air Magic      | 1 2 |  2.5
Earth Magic    | 1 2 |  2.5
Poison Magic   | 1 2 |  2.5
Long Blades    | 5 |  5.5
Fighting       | 7 |  7.3
Armour         | 7 |  7.3
Shields        | 7 |  7.3

Action                   |  1- 3 |  4- 6 |  7- 9 || total
-------------------------+-------+-------+-------++-------
Melee: Long sword        |   118 |    44 |       ||   162
       Bite              |     6 |     9 |    17 ||    32
       Trident           |       |   112 |   138 ||   250
  Use: Scroll            |       |     7 |       ||     7
       Potion            |       |     3 |     4 ||     7
Armor: Scale mail        |    39 |    46 |    49 ||   134
Dodge: Dodged            |    47 |    38 |    69 ||   154
Block: Buckler           |    33 |    29 |    41 ||   103

Table legend: (Time is in decaauts)
 A = Elapsed time spent in this place.
 B = Non-inter-level travel time spent in this place.
 C = Inter-level travel time spent in this place.
 D = Time resting spent in this place.
 E = Time spent auto-exploring this place.
 F = Levels seen in this place.
 G = Mean time per level.
                   A        B        C        D        E       F      G
               +--------+--------+--------+--------+--------+-----+--------+
         Total |   5661 |   5514 |    147 |   1026 |   3500 |   6 |  943.5 |
       Dungeon |   5224 |   5077 |    147 |    831 |   3297 |   5 | 1044.8 |
        Temple |    436 |    436 |      0 |    195 |    203 |   1 |  436.0 |
               +--------+--------+--------+--------+--------+-----+--------+

Top non-repeatable levels by time:
     D:2: 1447 daAuts
     D:4: 1229 daAuts
     D:1: 1003 daAuts
     D:5: 796 daAuts
     D:3: 747 daAuts
  Temple: 436 daAuts
